MID
CLINTON LUMBERKINGS @ CEDAR RAPIDS KERNELS
04/02/2044
 
TOP OF THE 1ST
Clinton LumberKings batting - Pitching for Cedar Rapids Kernels : RHP Chad Casey
Pitching: RHP Chad Casey
Batting: RHB Josh Mauer 0-0: Called Strike
0-1: SOLO HOME RUN (Flyball, 9D, EV 99.4 MPH), Distance : 383 ft
Batting: RHB Justin Colella 0-0: Called Strike
0-1: Ball
1-1: Ball
2-1: Ground out 4-3 (Groundball, 4, EV 96.9 MPH)
Batting: LHB Jawad Fahad 0-0: Ground out 6-3 (Groundball, 6M, EV 78.1 MPH)
Batting: RHB Josh Ruhl 0-0: Called Strike
0-1: Swinging Strike
0-2: Ground out 6-3 (Groundball, 6M, EV 102.5 MPH)
Top of the 1st over - 1 run, 1 hit, 0 errors, 0 left on base; Clinton 1 - Cedar Rapids 0
BOTTOM OF THE 1ST
Cedar Rapids Kernels batting - Pitching for Clinton LumberKings : RHP Jamie Johnston
Pitching: RHP Jamie Johnston
Batting: LHB Jim Pankratz 0-0: Swinging Strike
0-1: Bunt for hit to P - play at first, batter safe!
Batting: SHB Shohei Fujii 0-0: Ball
1-0: Ball
Jim Pankratz steals 2nd base
2-0: Called Strike
2-1: Fly out, F8 (Flyball, 78D, EV 83.8 MPH)
Runner from 2nd tags up, SAFE at 3rd with throw by CF
Batting: RHB J.J. Powers 0-0: Called Strike
0-1: Called Strike
0-2: Ball
1-2: Fly out, F7 (Line Drive, 7S, EV 103.1 MPH)
Batting: RHB Matt Dunn 0-0: Swinging Strike
0-1: Fly out, F7 (Flyball, 7S, EV 74.4 MPH)
Bottom of the 1st over - 0 runs, 1 hit, 0 errors, 1 left on base; Clinton 1 - Cedar Rapids 0
TOP OF THE 2ND
Clinton LumberKings batting - Pitching for Cedar Rapids Kernels : RHP Chad Casey
Batting: RHB John Peterson 0-0: Foul Ball, location: 2F
0-1: Swinging Strike
0-2: Ball
1-2: Ball
2-2: Ball
3-2: Base on Balls
Batting: LHB Kenny Gerrity 0-0: Ball
1-0: Foul Ball, location: 2F
1-1: Foul Ball, location: 2F
1-2: Foul Ball, location: 2F
1-2: Ball
2-2: Grounds into double play, 4-6-3 (Groundball, 4M, EV 105.0 MPH)
Batting: SHB Raghnall Ahearne 0-0: Foul Ball, location: 2F
0-1: Foul Ball, location: 2F
0-2: Ball
1-2: Ball
2-2: Foul Ball, location: 2F
2-2: Ground out 4-3 (Groundball, 34D, EV 98.1 MPH)
Top of the 2nd over - 0 runs, 0 hits, 0 errors, 0 left on base; Clinton 1 - Cedar Rapids 0
BOTTOM OF THE 2ND
Cedar Rapids Kernels batting - Pitching for Clinton LumberKings : RHP Jamie Johnston
Batting: LHB Israel Montoya 0-0: Foul Ball, location: 2F
0-1: Swinging Strike
0-2: Ball
1-2: Ball
2-2: Ground out 4-3 (Groundball, 34D, EV 101.3 MPH)
Batting: RHB Mike Craver 0-0: Ball
1-0: Called Strike
1-1: Foul Ball, location: 2F
1-2: Foul Ball, location: 2F
1-2: Hit by Pitch
Batting: LHB Mike Handrahan 0-0: Ball
Mike Craver is caught stealing 2nd base 2-6
1-0: Called Strike
1-1: SINGLE (Groundball, 34D, EV 95.0 MPH)
Batting: SHB Duri Chilemba 0-0: Ground out U3 (Groundball, 34, EV 79.4 MPH)
Bottom of the 2nd over - 0 runs, 1 hit, 0 errors, 1 left on base; Clinton 1 - Cedar Rapids 0
TOP OF THE 3RD
Clinton LumberKings batting - Pitching for Cedar Rapids Kernels : RHP Chad Casey
Batting: SHB Tony Morales 0-0: Called Strike
0-1: Ball
1-1: Ball
2-1: Ground out 5-3 (Groundball, 5D, EV 81.9 MPH)
Batting: RHB Omar Solis 0-0: Ball
1-0: Called Strike
1-1: Swinging Strike
1-2: Foul Ball, location: 2F
1-2: SINGLE (Groundball, 56S, EV 62.5 MPH) (infield hit)
Batting: RHB Josh Mauer 0-0: Called Strike
0-1: Ball
1-1: Foul Ball, location: 2F
1-2: Foul Ball, location: 2F
1-2: SINGLE (Groundball, 4MD, EV 96.9 MPH)
Omar Solis to second
Omar Solis to third
Batting: RHB Justin Colella 0-0: Called Strike
0-1: Ball
1-1: Ball
Josh Mauer steals 2nd, throwing error, E2
Omar Solis scores
Josh Mauer to third
2-1: Foul Ball, location: 2F
2-2: Strikes out swinging
Batting: LHB Jawad Fahad 0-0: SINGLE (Groundball, 4MD, EV 101.3 MPH)
Josh Mauer scores
Batting: RHB Josh Ruhl 0-0: Ball
1-0: Swinging Strike
1-1: Foul Ball, location: 2F
1-2: Ball
2-2: Foul Ball, location: 2F
2-2: Ball
3-2: Strikes out swinging
Top of the 3rd over - 2 runs, 3 hits, 1 error, 1 left on base; Clinton 3 - Cedar Rapids 0
BOTTOM OF THE 3RD
Cedar Rapids Kernels batting - Pitching for Clinton LumberKings : RHP Jamie Johnston
Batting: RHB Jake Wirthlin 0-0: Called Strike
0-1: Called Strike
0-2: Strikes out swinging
Batting: LHB Jim Pankratz 0-0: Swinging Strike
0-1: Foul Ball, location: 2F
0-2: Ground out 6-3 (Groundball, 56, EV 81.9 MPH)
Batting: SHB Shohei Fujii 0-0: Ball
1-0: Ball
2-0: Ball
3-0: Called Strike
3-1: Base on Balls
Batting: RHB J.J. Powers 0-0: Ball
Shohei Fujii steals 2nd base (no throw)
1-0: Foul Ball, location: 2F
1-1: Ball
2-1: Ground out 6-3 (Groundball, 6, EV 93.8 MPH)
Bottom of the 3rd over - 0 runs, 0 hits, 0 errors, 1 left on base; Clinton 3 - Cedar Rapids 0
TOP OF THE 4TH
Clinton LumberKings batting - Pitching for Cedar Rapids Kernels : RHP Chad Casey
Batting: RHB John Peterson 0-0: Ball
1-0: Called Strike
1-1: Ball
2-1: Swinging Strike
2-2: Foul Ball, location: 2F
2-2: SOLO HOME RUN (Flyball, 78XD, EV 115.6 MPH), Distance : 424 ft
Batting: LHB Kenny Gerrity 0-0: Ball
1-0: Ball
2-0: Ball
3-0: Base on Balls
Batting: SHB Raghnall Ahearne 0-0: Ball
1-0: Called Strike
1-1: Ball
2-1: SINGLE (Popup, 4D, EV 53.1 MPH)
Kenny Gerrity to second
Batting: SHB Tony Morales 0-0: Called Strike
0-1: Foul Ball, location: 2F
0-2: Ball
1-2: Ball
2-2: Ball
3-2: Foul Ball, location: 2F
3-2: Base on Balls
Kenny Gerrity to third
Raghnall Ahearne to second
Batting: RHB Omar Solis 0-0: Grounds into double play, 6-4-3 (Groundball, 6, EV 105.6 MPH)
Kenny Gerrity scores
Raghnall Ahearne to third
Batting: RHB Josh Mauer 0-0: Called Strike
0-1: Fly out, F8 (Flyball, 78XD, EV 95.6 MPH)
Top of the 4th over - 2 runs, 2 hits, 0 errors, 1 left on base; Clinton 5 - Cedar Rapids 0
BOTTOM OF THE 4TH
Cedar Rapids Kernels batting - Pitching for Clinton LumberKings : RHP Jamie Johnston
Batting: RHB Matt Dunn 0-0: Ground out 3-1 (Groundball, 34, EV 109.4 MPH)
Batting: LHB Israel Montoya 0-0: Called Strike
0-1: Ball
1-1: Foul Ball, location: 2F
1-2: Ball
2-2: Fly out, F8 (Line Drive, 8LD, EV 100.6 MPH)
Batting: RHB Mike Craver 0-0: Fly out, F9 (Flyball, 9LS, EV 86.9 MPH)
Bottom of the 4th over - 0 runs, 0 hits, 0 errors, 0 left on base; Clinton 5 - Cedar Rapids 0
TOP OF THE 5TH
Clinton LumberKings batting - Pitching for Cedar Rapids Kernels : RHP Chad Casey
Batting: RHB Justin Colella 0-0: Ball
1-0: Ball
2-0: Ball
3-0: Base on Balls
Pitching: RHP Toshiyuki Kawashima
Batting: LHB Jawad Fahad 0-0: Called Strike
0-1: Swinging Strike
0-2: Ball
1-2: Ball
2-2: Strikes out swinging
Batting: RHB Josh Ruhl 0-0: Swinging Strike
0-1: Swinging Strike
0-2: Ball
1-2: Fielders Choice at 2nd, 1-4 (Groundball, 15S, EV 63.1 MPH)
Batting: RHB John Peterson 0-0: Ball
Josh Ruhl is caught stealing 2nd base 2-4
Top of the 5th over - 0 runs, 0 hits, 0 errors, 0 left on base; Clinton 5 - Cedar Rapids 0
BOTTOM OF THE 5TH
Cedar Rapids Kernels batting - Pitching for Clinton LumberKings : RHP Jamie Johnston
Batting: LHB Mike Handrahan 0-0: Called Strike
0-1: Foul Ball, location: 2F
0-2: Foul Ball, location: 2F
0-2: Ball
1-2: Foul Ball, location: 2F
1-2: Foul Ball, location: 2F
1-2: Ball
2-2: Ball
3-2: DOUBLE (Flyball, 78D, EV 100.0 MPH)
Batting: SHB Duri Chilemba 0-0: Called Strike
0-1: Fly out, F8 (Flyball, 78D, EV 83.1 MPH)
Batting: RHB Jake Wirthlin 0-0: Ball
1-0: Called Strike
1-1: Ground out 6-3 (Groundball, 56D, EV 103.8 MPH)
Batting: LHB Jim Pankratz 0-0: Called Strike
0-1: Called Strike
0-2: Ball
1-2: Ground out 5-3 (Groundball, 56, EV 106.3 MPH)
Bottom of the 5th over - 0 runs, 1 hit, 0 errors, 1 left on base; Clinton 5 - Cedar Rapids 0
TOP OF THE 6TH
Clinton LumberKings batting - Pitching for Cedar Rapids Kernels : RHP Toshiyuki Kawashima
Batting: RHB John Peterson 0-0: Swinging Strike
0-1: Called Strike
0-2: Foul Ball, location: 2F
0-2: Ball
1-2: Ball
2-2: Ground out 1-3 (Groundball, 13, EV 67.5 MPH)
Batting: LHB Kenny Gerrity 0-0: Foul Ball, location: 2F
0-1: Ball
1-1: Fly out, F3 (Line Drive, 3, EV 68.8 MPH)
Batting: SHB Raghnall Ahearne 0-0: Ball
1-0: Ball
2-0: Called Strike
2-1: Foul Ball, location: 2F
2-2: Ball
3-2: Strikes out swinging
Top of the 6th over - 0 runs, 0 hits, 0 errors, 0 left on base; Clinton 5 - Cedar Rapids 0
BOTTOM OF THE 6TH
Cedar Rapids Kernels batting - Pitching for Clinton LumberKings : RHP Jamie Johnston
Batting: SHB Shohei Fujii 0-0: Swinging Strike
0-1: Fly out, F8 (Flyball, 78M, EV 85.0 MPH)
Batting: RHB J.J. Powers 0-0: Ball
1-0: Ball
2-0: Ball
3-0: Base on Balls
Batting: RHB Matt Dunn 0-0: Called Strike
J.J. Powers steals 2nd base (no throw)
0-1: Ball
1-1: Ball
2-1: Ball
3-1: DOUBLE (Line Drive, 7LM, EV 110.0 MPH)
J.J. Powers scores
Batting: LHB Israel Montoya 0-0: Ball
1-0: Ball
2-0: Ball
3-0: Base on Balls
Pitching: RHP Matt Lane
Batting: RHB Mike Craver 0-0: Swinging Strike
0-1: SINGLE (Line Drive, 56D, EV 95.6 MPH)
Matt Dunn to third
Israel Montoya to second
Batting: LHB Mike Handrahan 0-0: Ball
1-0: Ball
2-0: Called Strike
2-1: Foul Ball, location: 2F
2-2: Foul Ball, location: 2F
2-2: Ball
3-2: Grounds into double play, 4-6-3 (Groundball, 4, EV 106.3 MPH)
Bottom of the 6th over - 1 run, 2 hits, 0 errors, 2 left on base; Clinton 5 - Cedar Rapids 1
TOP OF THE 7TH
Clinton LumberKings batting - Pitching for Cedar Rapids Kernels : RHP Toshiyuki Kawashima
Pitching: RHP Andy Symons
Batting: SHB Tony Morales 0-0: Ball
1-0: Foul Ball, location: 2F
1-1: Ball
2-1: Ball
3-1: Base on Balls
Batting: RHB Omar Solis 0-0: Called Strike
Tony Morales steals 2nd base
0-1: Swinging Strike
0-2: Foul Ball, location: 2F
0-2: Ball
1-2: Strikes out looking
Batting: RHB Josh Mauer 0-0: Ball
1-0: Ground out 6-3 (Groundball, 56, EV 80.0 MPH)
Batting: RHB Justin Colella 0-0: Swinging Strike
0-1: Ball
1-1: Ball
2-1: Called Strike
2-2: Ball
3-2: Base on Balls
Batting: LHB Jawad Fahad 0-0: Ball
1-0: Ball
2-0: Called Strike
2-1: Foul Ball, location: 2F
2-2: Foul Ball, location: 2F
2-2: Ball
3-2: Foul Ball, location: 2F
3-2: Base on Balls
Tony Morales to third
Justin Colella to second
Batting: RHB Josh Ruhl 0-0: Ball
1-0: Swinging Strike
1-1: Swinging Strike
1-2: Strikes out looking
Top of the 7th over - 0 runs, 0 hits, 0 errors, 3 left on base; Clinton 5 - Cedar Rapids 1
BOTTOM OF THE 7TH
Cedar Rapids Kernels batting - Pitching for Clinton LumberKings : RHP Matt Lane
Batting: SHB Duri Chilemba 0-0: Ball
1-0: Foul Ball, location: 2F
1-1: Swinging Strike
1-2: Ball
2-2: Ball
3-2: Foul Ball, location: 2F
3-2: Fly out, F8 (Flyball, 8LD, EV 95.0 MPH)
Batting: RHB Jake Wirthlin 0-0: DOUBLE (Line Drive, 9LM, EV 99.4 MPH)
Batting: LHB Jim Pankratz 0-0: Foul Ball, location: 2F
0-1: Ball
1-1: Swinging Strike
1-2: Ball
2-2: Foul Ball, location: 2F
2-2: Foul Ball, location: 2F
2-2: Ball
3-2: Base on Balls
Batting: SHB Shohei Fujii 0-0: Ball
1-0: Grounds into double play, 6-4-3 (Groundball, 6, EV 87.5 MPH)
Bottom of the 7th over - 0 runs, 1 hit, 0 errors, 1 left on base; Clinton 5 - Cedar Rapids 1
TOP OF THE 8TH
Clinton LumberKings batting - Pitching for Cedar Rapids Kernels : RHP Andy Symons
Batting: RHB John Peterson 0-0: Called Strike
0-1: Foul Ball, location: 2F
0-2: Foul Ball, location: 2F
0-2: Strikes out swinging
Batting: LHB Kenny Gerrity 0-0: Called Strike
0-1: Ball
1-1: Ball
2-1: Foul Ball, location: 2F
2-2: Fly out, F5 (Popup, 25F, EV 85.0 MPH)
Batting: SHB Raghnall Ahearne 0-0: Ball
1-0: Swinging Strike
1-1: Ball
2-1: Ball
3-1: Fly out, F8 (Flyball, 8LD, EV 94.4 MPH)
Top of the 8th over - 0 runs, 0 hits, 0 errors, 0 left on base; Clinton 5 - Cedar Rapids 1
BOTTOM OF THE 8TH
Cedar Rapids Kernels batting - Pitching for Clinton LumberKings : RHP Matt Lane
Pitching: RHP Willie Sanchez
Batting: RHB J.J. Powers 0-0: Ball
1-0: Ball
2-0: Swinging Strike
2-1: Foul Ball, location: 2F
2-2: Foul Ball, location: 2F
2-2: Foul Ball, location: 2F
2-2: SINGLE (Line Drive, 4MD, EV 106.3 MPH)
Batting: RHB Matt Dunn 0-0: Ball
1-0: Ball
2-0: Called Strike
2-1: Ball
3-1: Foul Ball, location: 2F
3-2: Base on Balls
J.J. Powers to second
Batting: LHB Israel Montoya 0-0: Ball
1-0: Ball
2-0: Ball
3-0: Called Strike
3-1: Base on Balls
J.J. Powers to third
Matt Dunn to second
Batting: RHB Mike Craver 0-0: Ball
1-0: Called Strike
1-1: Foul Ball, location: 2F
1-2: Fly out, F6 (Popup, 6S, EV 76.9 MPH)
Batting: LHB Mike Handrahan 0-0: Called Strike
0-1: Foul Ball, location: 2F
0-2: Foul Ball, location: 2F
0-2: Grounds into fielders choice 5-2 (Groundball, 56S, EV 81.9 MPH)
Matt Dunn to third
Israel Montoya to second
Batting: SHB Duri Chilemba 0-0: Foul Ball, location: 2F
0-1: Ground out 4-3 (Groundball, 4, EV 78.8 MPH)
Bottom of the 8th over - 0 runs, 1 hit, 0 errors, 3 left on base; Clinton 5 - Cedar Rapids 1
TOP OF THE 9TH
Clinton LumberKings batting - Pitching for Cedar Rapids Kernels : RHP Andy Symons
Pitching: RHP Steven Legge
Batting: SHB Tony Morales 0-0: Called Strike
0-1: Ball
1-1: Foul Ball, location: 2F
1-2: Ball
2-2: Strikes out swinging
Batting: RHB Omar Solis 0-0: Swinging Strike
0-1: Ground out 5-3 (Groundball, 5S, EV 90.6 MPH)
Batting: RHB Josh Mauer 0-0: Ground out 5-3 (Groundball, 56, EV 80.0 MPH)
Top of the 9th over - 0 runs, 0 hits, 0 errors, 0 left on base; Clinton 5 - Cedar Rapids 1
BOTTOM OF THE 9TH
Cedar Rapids Kernels batting - Pitching for Clinton LumberKings : RHP Willie Sanchez
Pitching: RHP Omar Colunga
Batting: RHB Jake Wirthlin 0-0: Swinging Strike
0-1: Ball
1-1: Called Strike
1-2: Foul Ball, location: 2F
1-2: Ball
2-2: SINGLE (Flyball, 8RS, EV 91.3 MPH)
Batting: LHB Jim Pankratz 0-0: Foul Ball, location: 2F
0-1: Swinging Strike
0-2: Strikes out swinging
Batting: SHB Shohei Fujii 0-0: Called Strike
0-1: Ball
1-1: Foul Ball, location: 2F
1-2: Foul Ball, location: 2F
1-2: Strikes out looking
Batting: RHB J.J. Powers 0-0: SINGLE (Line Drive, 5D, EV 104.4 MPH)
Jake Wirthlin to second
Batting: RHB Matt Dunn 0-0: SINGLE (Groundball, 34D, EV 106.9 MPH)
Jake Wirthlin to third
J.J. Powers to second
Batting: LHB Israel Montoya 0-0: Ball
1-0: Called Strike
1-1: Ball
2-1: Called Strike
2-2: Foul Ball, location: 2F
2-2: SINGLE (Groundball, 56, EV 100.0 MPH)
Jake Wirthlin scores
J.J. Powers to third
Matt Dunn to second
Batting: RHB Mike Craver 0-0: Ball
1-0: Ball
2-0: Foul Ball, location: 2F
2-1: Ball
3-1: Called Strike
3-2: SINGLE (Groundball, 4M, EV 102.5 MPH) (infield hit)
J.J. Powers scores
Matt Dunn to third
Israel Montoya to second
Batting: LHB Mike Handrahan 0-0: Swinging Strike
0-1: DOUBLE (Line Drive, 7LM, EV 106.9 MPH)
Matt Dunn scores
Israel Montoya scores
Mike Craver to third
Runner from 3rd tries for Home, SAFE, throw by LF to home
Bottom of the 9th over - 5 runs, 6 hits, 0 errors, 0 left on base; Clinton 5 - Cedar Rapids 6
Game Over ... Cedar Rapids defeats Clinton, 6 to 5
Thursday, March 31st , 2022 - OOTP Baseball 22.12 Build 89